 Dungeon Crawl Stone Soup version 0.28-a0-627-g4e9751bbfc (webtiles) character file.

Game seed: 3535051376349565013

116 Johnny the Chiller (level 4, -8/37 HPs)
             Began as a Draconian Ice Elementalist on Oct 8, 2021.
             Mangled by a gnoll (11 damage)
             ... on level 3 of the Dungeon.
             The game lasted 00:02:14 (2869 turns).

Johnny the Chiller (Draconian Ice Elementalist)     Turns: 2869, Time: 00:02:15

Health: -8/37      AC:  5    Str: 10    XL:     4   Next: 69%
Magic:  2/8        EV: 12    Int: 23    God:
Gold:   128        SH:  0    Dex: 11    Spells: 2/9 levels left

rFire   . . .      SeeInvis .   i - +3 quarterstaff
rCold   . . .      Faith    .   (shield currently unavailable)
rNeg    + . .      Spirit   .   (armour unavailable)
rPois   .          Reflect  .   (helmet restricted)
rElec   .          Harm     .   (no cloak)
rCorr   .          Rampage  .   (no gloves)
Will    .....                   (no boots)
Stlth   ++........              (no amulet)
HPRegen 0.12/turn               d - +6 ring of intelligence
MPRegen 0.11/turn               k - ring of positive energy

@: freezing walls, hasted, very quick
A: AC +5, unfitting armour, cold-blooded
a: no special abilities


You were on level 3 of the Dungeon.
You visited 1 branch of the dungeon, and saw 3 of its levels.

You collected 128 gold pieces.

Inventory:

Hand Weapons
 a - a +0 dagger
 i - a +3 quarterstaff (weapon)
Jewellery
 d - a +6 ring of intelligence (left hand)
 k - a ring of positive energy (right hand)
Scrolls
 c - a scroll of immolation
 e - a scroll of blinking {unknown}
 f - a scroll of identify {unknown}
 g - 2 scrolls of enchant armour {unknown}
 h - a scroll of teleportation {unknown}
Potions
 j - a potion of haste


   Skills:
 + Level 2.5 Fighting
 - Level 1.7 Dodging
 - Level 1.7 Stealth
 + Level 3.1 Spellcasting
 + Level 4.8 Ice Magic


You had 2 spell levels left.
You knew the following spells:

 Your Spells              Type           Power      Damage    Failure   Level
a - Freeze                Ice            100%       1d11      1%          1
b - Frozen Ramparts       Ice            50%        1d7       4%          3
c - Ozocubu's Armour      Ice            25%        N/A       4%          3

Your spell library contained the following spells:

 Spells                   Type           Power      Damage    Failure   Level
 Call Canine Familiar     Summ           3%         N/A       34%         3
 Portal Projectile        Hex/Tloc       6%         N/A       34%         3
 Hailstorm                Conj/Ice       14%        3d5       38%         4
 Leda's Liquefaction      Hex/Erth       1%         N/A       75%         4


Dungeon Overview and Level Annotations

Branches:
Dungeon (3/15)

Altars:


Innate Abilities, Weirdness & Mutations

Your plain brown scales are hard. (AC +5)
You cannot fit into any form of body armour.
You are cold-blooded and may be slowed by cold attacks.


Message History

Casting: Freeze (safe; 1% risk of failure)
Confirm with . or Enter, or press ? or * to list all spells.
Casting: Frozen Ramparts (dangerous; 4% risk of failure)
Press: ? - help, Dir - look around, f - activate The walls around you are covered in ice.
The wall freezes the bat. x2; The wall freezes the ball python.
You kill the ball python!
The wall freezes the bat.
You kill the bat!
The wall freezes the gnoll.
The gnoll barely misses you.
The wall freezes the gnoll.
The gnoll barely misses you.
The wall freezes the gnoll.
The gnoll hits you from afar with a +0 spear.
The wall freezes the gnoll!
The wall freezes the gnoll.
You kill the gnoll!
The wall freezes the gnoll.
The gnoll hits you with a +0 flail.
* * * LOW HITPOINT WARNING * * *
The wall freezes the gnoll.
The gnoll hits you with a +0 flail.
* * * LOW HITPOINT WARNING * * *
The frozen ramparts melt away.
The gnoll closely misses you. x2
Casting: Frozen Ramparts (dangerous; 4% risk of failure)
Confirm with . or Enter, or press ? or * to list all spells.
Aiming: Freeze (safe; 1% risk of failure)
Press: ? - help, Shift-Dir - straight line, f - gnoll
Aim: a gnoll, wielding a +0 flail (moderately wounded)
Okay, then.
Okay, then.
A gnoll comes into view. It is wielding a +0 halberd.
It was a potion of haste.
You feel yourself speed up. The gnoll barely misses you.
It was a potion of curing.
You feel better. The gnoll hits you with a +0 flail.
* * * LOW HITPOINT WARNING * * *
Casting: Freeze (safe; 1% risk of failure)
Confirm with . or Enter, or press ? or * to list all spells.
Casting: Frozen Ramparts (dangerous; 4% risk of failure)
Press: ? - help, Dir - look around, f - activate The walls around you are covered in ice.
The gnoll shouts!
The wall freezes the gnoll.
The gnoll hits you with a +0 flail!
You die...

##.###########................
.#...........#.# #...........
.#.#####.###.#.. #..g........
.#.#...#.#.#.##.###...........
##.###.#.#.#.##.......)#######
.......#.#...##...g....#
########.######....###)###
.......#.#...###.####....#
†#.###.#.#.#.# #@## #....#
.#.# #.#.#.# #gg# #....#
.#.#####.###.# ##.###.)..#
.#...........# #..###†######
##.########### ##.#..........
#.#...### #............
#.#.#...# ###...........
#.#.#.#.# #....#.#######
#.###.#.# #.......#


You could see 4 gnolls.

Vanquished Creatures
  4 gnolls
  3 worms
  3 dart slugs
  3 endoplasms
  3 giant cockroaches (D:1)
  6 hobgoblins
  4 jackals (D:1)
  3 quokkas
  6 ball pythons
  10 bats
  2 frilled lizards
  4 goblins
  7 kobolds
  6 rats
64 creatures vanquished.

Notes
Turn   | Place    | Note
-------+----------+-------------------------------------------
     0 | D:1      | Johnny the Draconian Ice Elementalist began the quest for
                  | the Orb.
     0 | D:1      | Reached XP level 1. HP: 14/14 MP: 3/3
   189 | D:1      | Found a faded altar of an unknown god.
   203 | D:1      | Reached XP level 2. HP: 20/22 MP: 0/5
   213 | D:1      | Reached skill level 1 in Fighting
   592 | D:1      | Reached XP level 3. HP: 19/28 MP: 6/6
  2271 | D:2      | Reached XP level 4. HP: 30/36 MP: 4/8
  2275 | D:2      | Learned a level 3 spell: Frozen Ramparts
  2279 | D:2      | Learned a level 3 spell: Ozocubu's Armour
  2869 | D:3      | Mangled by a gnoll

Illustrated notes

Levels and vault maps discovered:
D:1:      matt_arrival_spirals, layout_rooms, hellmonk_ecumenical_altar_blasted
D:2:      layout_rooms
D:3:      mumra_celtic_spiral_tile, layout_basic

Skill      XL: |  1  2  3  4 |
---------------+-------------+-----
Fighting       | 1 2 |  2.5
Spellcasting   | 3 |  3.1
Dodging        | |  1.7
Stealth        | |  1.7
Ice Magic      | |  4.8

Action                   |  1- 3 |  4- 6 || total
-------------------------+-------+-------++-------
Melee: Dagger            |   179 |     1 ||   180
       Unarmed           |     7 |       ||     7
       Tailslap          |    15 |       ||    15
       Quarterstaff      |       |    18 ||    18
 Cast: Freeze            |    23 |    10 ||    33
       Frozen Ramparts   |       |     3 ||     3
  Use: Potion            |       |     2 ||     2
 Stab: Sleeping          |     3 |     1 ||     4
Armor: Skin              |    82 |    10 ||    92
Dodge: Dodged            |   143 |    39 ||   182

Table legend: (Time is in decaauts)
 A = Elapsed time spent in this place.
 B = Non-inter-level travel time spent in this place.
 C = Inter-level travel time spent in this place.
 D = Time resting spent in this place.
 E = Time spent auto-exploring this place.
 F = Levels seen in this place.
 G = Mean time per level.
                   A        B        C        D        E       F      G
               +--------+--------+--------+--------+--------+-----+--------+
         Total |   2874 |   2834 |     40 |     89 |   2211 |   3 |  958.0 |
       Dungeon |   2874 |   2834 |     40 |     89 |   2211 |   3 |  958.0 |
               +--------+--------+--------+--------+--------+-----+--------+

Top non-repeatable levels by time:
     D:1: 1145 daAuts
     D:2: 1117 daAuts
     D:3: 611 daAuts
